 Dungeon Crawl Stone Soup version 0.26-a0-665-gefeb406119 (console) character file.

Game seed: 11298097513116148624

16 om the Grave Robber (level 2, -1/15 HPs)
             Began as a Vampire Necromancer on Oct 13, 2020.
             Slain by a leopard gecko (5 damage)
             ... on level 1 of the Dungeon.
             The game lasted 00:02:10 (639 turns).

om the Grave Robber (Vampire Necromancer)            Turns: 639, Time: 00:02:11

Health: -1/15      AC:  2    Str:  7    XL:     2   Next: 37%
Magic:  2/5        EV: 13    Int: 17    God:
Gold:   7          SH:  0    Dex: 14    Spells: 3/5 levels left

rFire    . . .     SeeInvis +   (no weapon)
rCold    + + .     Faith    .   (no shield)
rNeg     + + +     Spirit   .   a - +0 robe
rPois    ∞         Reflect  .   (no helmet)
rElec    .         Harm     .   (no cloak)
rCorr    .         Rampage  .   (no gloves)
MR       .....                  (no boots)
Stlth    ++++......             (no amulet)
HPRegen  0.00/turn              c - ring of flight
MPRegen  0.09/turn              (no ring)

@: bloodless
A: fangs 3, see invisible, unbreathing
a: Revivify, Evoke Flight


You were on level 1 of the Dungeon.
You visited 1 branch of the dungeon, and saw 1 of its levels.

You collected 7 gold pieces.

Inventory:

Armour
 a - a +0 robe (worn)
Jewellery
 c - a ring of flight (left hand)
Scrolls
 b - a scroll of teleportation {unknown}
 d - a scroll of magic mapping {unknown}


   Skills:
 + Level 2.4 Dodging
 * Level 3.7 Stealth
 + Level 2.1 Spellcasting
 * Level 4.6 Necromancy


You had 3 spell levels left.
You knew the following spells:

 Your Spells              Type           Power        Failure   Level
a - Pain                  Necr           ###.         2%          1
b - Animate Skeleton      Necr           ###...       2%          1

Your spell library contained the following spells:

 Spells                   Type           Power        Failure   Level
 Vampiric Draining        Necr           ###.......   9%          3
 Animate Dead             Necr           ###.......   28%         4
 Agony                    Necr           ###.....     61%         5


Dungeon Overview and Level Annotations

Branches:
Dungeon (1/15)

Altars:


Innate Abilities, Weirdness & Mutations

You do not regenerate when monsters are visible.
You are frail without blood (-20% HP).
You can heal yourself when you bite living creatures.
You are immune to poison.
You have razor-sharp teeth.
You have supernaturally acute eyesight. (SInv)
You can survive without breathing.


Message History

You barely miss the hobgoblin. The hobgoblin barely misses you.
The hobgoblin hits your kobold skeleton.
Your kobold skeleton is destroyed!
The rat bites you.
You closely miss the hobgoblin. The hobgoblin hits you.
The leopard gecko hisses menacingly.
Casting: Animate Skeleton (safe; 2% risk of failure)
Confirm with . or Enter, or press ? or * to list all spells.
Aiming: Pain (safe; 2% risk of failure)
Press: ? - help, Shift-Dir - straight line, f - hobgoblin
Aim: a hobgoblin (chance to defeat MR: 87%)
The hobgoblin writhes in agony.
You kill the hobgoblin!
The leopard gecko misses you. The leopard gecko barely misses you.
The leopard gecko barely misses you. The leopard gecko bites you.
* * * LOW HITPOINT WARNING * * *
The leopard gecko bites you.
You die...

##......## ##...###...##.#.# #.
#.#.#.######.....'##.##....# #.
#.#..r.....##...##.#'#...#.# #.
#.#######.####.####.###.##.####.
#.# #.# ######## #.##...... #.#
#r###.# #.# #.#######. #.#
#(g...# #.# ##'## #. ..
#..######.# ##...## ##
##..#...##.###.)...##
#...r...##.##...)...## #
..####.....gl@..#.........####
................+.........'...
#.####.#.......##.........####
#.###...#####.......## #
#.###...# ##.....## #.......#
##...## ######.#########+## #
#.#.......#.# # ##.#.#####.#.###
# ##....# #.......# #
##.....###.#.....# #


You could see a leopard gecko, a hobgoblin and a rat.

Vanquished Creatures
  An ooze (D:1)
  A ball python (D:1)
  A goblin (D:1)
  4 hobgoblins (D:1)
  A bat (D:1)
  2 kobolds (D:1)
  A rat (D:1)
11 creatures vanquished.

Notes
Turn   | Place    | Note
-------+----------+-------------------------------------------
     0 | D:1      | om the Vampire Necromancer began the quest for the Orb.
     0 | D:1      | Reached XP level 1. HP: 13/13 MP: 3/3
   262 | D:1      | Reached XP level 2. HP: 15/15 MP: 0/5
   584 | D:1      | Learned a level 1 spell: Animate Skeleton
   639 | D:1      | Slain by a leopard gecko

Illustrated notes

Levels and vault maps discovered:
D:1:      dpeg_arrival_rhombi, layout_loops_corners, minmay_ruptured

Action                   || total
-------------------------++-------
Melee: Unarmed           ||     8
       Bite              ||     2
 Cast: Pain              ||    20
       Animate Skeleton  ||     2
 Abil: Exsanguinate      ||     1
Armor: Robe              ||     3
Dodge: Dodged            ||    16

Table legend: (Time is in decaauts)
 A = Elapsed time spent in this place.
 B = Non-inter-level travel time spent in this place.
 C = Inter-level travel time spent in this place.
 D = Time resting spent in this place.
 E = Time spent auto-exploring this place.
 F = Levels seen in this place.
 G = Mean time per level.
                   A        B        C        D        E       F      G
               +--------+--------+--------+--------+--------+-----+--------+
         Total |    638 |    638 |      0 |    378 |    166 |   1 |  638.0 |
       Dungeon |    638 |    638 |      0 |    378 |    166 |   1 |  638.0 |
               +--------+--------+--------+--------+--------+-----+--------+

Top non-repeatable levels by time:
     D:1: 638 daAuts
